 Dungeon Crawl Stone Soup version 0.29-a0-355-g7276a9ff7f (webtiles) character file.

Game seed: 8155510443869238739

147 Morbidden the Skirmisher (level 5, -2/41 HPs)
             Began as a Demonspawn Fighter on Apr 25, 2022.
             Slain by Grinder (5 damage)
             ... on level 3 of the Dungeon.
             The game lasted 00:01:27 (1719 turns).

Morbidden the Skirmisher (Demonspawn Fighter)       Turns: 1719, Time: 00:01:28

Health: -2/41      AC: 11    Str: 24    XL:     5   Next: 8%
Magic:  5/5        EV:  7    Int: 10    God:
Gold:   95         SH:  9    Dex: 12    Spells: 4/4 levels left

rFire   . . .      SeeInvis .   a - +0 war axe
rCold   . . .      Faith    .   c - +0 buckler
rNeg    . . .      Spirit   .   h - +0 chain mail
rPois   .          Reflect  +   (no helmet)
rElec   .          Harm     .   (no cloak)
rCorr   .          Rampage  .   (no gloves)
Will    +....                   (no boots)
Stlth   ..........              p - amulet of reflection
HPRegen 0.13/turn               r - +6 ring of strength
MPRegen 0.09/turn               s - ring of willpower

@: brilliant
A: yellow scales 1, weakness stinger 2
a: no special abilities


You were on level 3 of the Dungeon.
You visited 1 branch of the dungeon, and saw 3 of its levels.

You collected 133 gold pieces.
You spent 38 gold pieces at shops.

Inventory:

Hand Weapons
 a - a +0 war axe (weapon)
Missiles
 k - 6 javelins (quivered)
Armour
 c - a +0 buckler (worn)
 h - a +0 chain mail (worn)
Jewellery
 p - an amulet of reflection (around neck)
 r - a +6 ring of strength (left hand)
 s - a ring of willpower (right hand)
Scrolls
 b - 4 scrolls of identify {unknown}
 f - 2 scrolls of amnesia {unknown}
 i - a scroll of vulnerability {unknown}
 j - 2 scrolls of teleportation {unknown}
 m - a scroll of magic mapping
 n - a scroll of enchant weapon {unknown}
 q - a scroll of fear {unknown}
Potions
 d - a potion of might
 e - a potion of flight {unknown}
 g - a potion of brilliance
 l - a potion of curing {unknown}
 o - a potion of resistance {unknown}


   Skills:
 + Level 3.6 Fighting
 + Level 3.6 Axes
 + Level 3.1 Armour
 + Level 0.1 Dodging
 + Level 3.1 Shields


You had 4 spell levels left.
You didn't know any spells.
Your spell library contained the following spells:

 Spells                   Type           Power      Damage    Failure   Level
 Apportation              Tloc           0%         N/A       98%         1
 Sublimation of Blood     Necr           0%         N/A       99%         2
 Wereblood                Tmut           0%         N/A       99%         2
 Lesser Beckoning         Tloc           0%         N/A       100%        3
 Iskenderun's Mystic Bla  Conj/Tloc      0%         2d3       100%        4
 Manifold Assault         Tloc           0%         N/A       100%        5
 Summon Forest            Summ/Tloc      0%         N/A       100%        5
 Summon Hydra             Summ           0%         N/A       100%        7


Dungeon Overview and Level Annotations

Branches:
Dungeon (3/15)

Altars:

Shops:
D:1 ?

Annotations:
D:3 Grinder


Innate Abilities, Weirdness & Mutations

You are partially covered in yellow scales. (AC +2)
You have a tail ending in a sharp stinger.


Message History

You resist with some effort.
A worm comes into view.
Your Axes skill increases to level 3!
You have reached level 5!
You closely miss Grinder.
Grinder is moderately wounded.
Grinder hits you.
You writhe in agony.
Grinder hits you but does no damage.
Unknown command.
Unknown command.
You barely miss Grinder.
Grinder is moderately wounded.
Grinder gestures at you.
You suddenly lose the ability to move!
Grinder says, "Mostly I couldn't keep them alive."
Grinder barely misses you. Grinder barely misses you.
Grinder hits you but does no damage. Grinder barely misses you.
Grinder says, "You look like you could use a good racking."
Grinder blinks!
Grinder gestures at you. You resist with almost no effort.
Grinder gestures at you. You resist with some effort. Grinder hits you.
The worm bites you!
* * * LOW HITPOINT WARNING * * *
You can move again.
Unknown command.
Unknown command.
Unknown command.
Unknown command.
Unknown command.
Unknown command.
Unknown command.
Unknown command.
It was a potion of brilliance.
You feel clever all of a sudden. Grinder hits you.
* * * LOW HITPOINT WARNING * * *
You writhe in agony.
You die...

#.########.####.##
#.##.............#
#.##.#####.####..#
#.##.# #.# #..#
#.##.#####.# #..#
#.##.......# #..#
#.##.#####.# #..#
##.##.# #.# #5.# ......#
#.# #@.# ..........#
#.)w.......
##.#..................#.
#..........##.#..[#.##
.###.###.####.#....## .#
##.# .# #.#>.##. . .# #
# #... .. .. #.## ..


You could see Grinder (fast) and a worm.

Vanquished Creatures
  A centaur (D:3)
  2 adders
  2 worms (D:2)
  A dart slug (D:2)
  An orc (D:2)
  7 endoplasms
  A giant cockroach (D:1)
  A goblin (D:2)
  4 hobgoblins
  4 quokkas
  3 ball pythons
  5 bats (D:1)
  4 frilled lizards
  A kobold (D:1)
  7 rats
44 creatures vanquished.

Notes
Turn   | Place    | Note
-------+----------+-------------------------------------------
     0 | D:1      | Morbidden the Demonspawn Fighter began the quest for the
                  | Orb.
     0 | D:1      | Reached XP level 1. HP: 18/18 MP: 1/1
   236 | D:1      | Gained mutation: You have a small tail. [demonic ancestry]
   236 | D:1      | Reached XP level 2. HP: 23/24 MP: 2/2
   705 | D:1      | Found a faded altar of an unknown god.
   723 | D:1      | Found Luceis's Magic Scroll Emporium.
   730 | D:1      | Bought a scroll of magic mapping for 38 gold pieces
   954 | D:2      | Gained mutation: You are partially covered in yellow
                  | scales. (AC +2) [demonic ancestry]
   954 | D:2      | Reached XP level 3. HP: 29/29 MP: 3/3
  1192 | D:2      | Got the Disquisition on the Compass
  1641 | D:3      | Gained mutation: You have a tail ending in a sharp stinger.
                  | [demonic ancestry]
  1641 | D:3      | Reached XP level 4. HP: 35/35 MP: 4/4
  1704 | D:3      | Noticed a centaur
  1705 | D:3      | Noticed Grinder
  1711 | D:3      | Killed a centaur
  1712 | D:3      | Reached XP level 5. HP: 30/41 MP: 5/5
  1713 | D:3      | Paralysed by Grinder for 6 turns
  1719 | D:3      | Slain by Grinder

Illustrated notes

Levels and vault maps discovered:
D:1:      mainiacjoe_arrival_reflecting_pool, layout_basic,
          ebering_ecumenical_altar_mist, serial_shops, nicolae_shop_trees,
          minmay_pentomino_o4
D:2:      layout_basic, st_stairs_11, minmay_misc_feat_more_columns,
          kennysheep_generic_room_11
D:3:      layout_loops_ring, nicolae_gozag_seed_capital, uniq_grinder

Skill      XL: |  1  2  3  4 |
---------------+-------------+-----
Axes           | 2 3 |  3.6
Armour         | 3 |  3.1
Shields        | 3 |  3.1
Fighting       | |  3.6
Dodging        | |  0.1

Action                   |  1- 3 |  4- 6 || total
-------------------------+-------+-------++-------
Melee: War axe           |    88 |    10 ||    98
       Tailslap          |    11 |     1 ||    12
  Use: Potion            |       |     1 ||     1
Armor: Scale mail        |     6 |       ||     6
       Chain mail        |    53 |    10 ||    63
Dodge: Dodged            |    38 |    10 ||    48
Block: Buckler           |    24 |     9 ||    33
       Reflection        |       |     1 ||     1

Table legend: (Time is in decaauts)
 A = Elapsed time spent in this place.
 B = Non-inter-level travel time spent in this place.
 C = Inter-level travel time spent in this place.
 D = Time resting spent in this place.
 E = Time spent auto-exploring this place.
 F = Levels seen in this place.
 G = Mean time per level.
                   A        B        C        D        E       F      G
               +--------+--------+--------+--------+--------+-----+--------+
         Total |   1758 |   1703 |     55 |      0 |   1380 |   3 |  586.0 |
       Dungeon |   1758 |   1703 |     55 |      0 |   1380 |   3 |  586.0 |
               +--------+--------+--------+--------+--------+-----+--------+

Top non-repeatable levels by time:
     D:1: 859 daAuts
     D:2: 793 daAuts
     D:3: 105 daAuts
